[Event "Vienna IM February 2022"]
[Site "Vienna"]
[Date "2022.02.06"]
[Round "1.1"]
[White "Peyrer, Konstantin"]
[Black "Borrmann, Laurenz"]
[Result "0-1"]
[ECO "B10"]
[WhiteElo "2301"]
[BlackElo "2232"]
[Annotator "ChessBase"]
[PlyCount "96"]
[EventDate "2022.02.06"]
[EventType "tourn"]
[EventCountry "AUT"]
[SourceTitle "playchess.com"]
[Source "ChessBase"]
[SourceQuality "1"]
[TimeControl "40/5400+30:1800+30"]

1. e4 c6 2. d3 d5 3. Nd2 e5 4. Ngf3 Bd6 5. d4 exd4 6. Bd3 dxe4 7. Nxe4 Bb4+ 8. c3 dxc3 9. O-O Bf5 10. Bg5 Be7 11. Re1 Bxe4 12. Rxe4 cxb2 13. Rb1 Nd7 14. Rd4 Bxg5 15. Bf5 Bf6 16. Rxd7 Qa5 17. Qd6 Ne7 18. Be4 Rd8 19. Rd1 Nd5 20. Ne5 Be7 21. Rxe7+ Nxe7 22. Qxd8+ Qxd8 23. Rxd8+ Kxd8 24. Nxf7+ Ke8 25. Nxh8 g6 26. h4 Kf8 27. Kf1 Nd5 28. Nxg6+ hxg6 29. Bxg6 Nc3 30. h5 Nxa2 31. g4 Nc3 32. f4 a5 33. h6 a4 34. Kg2 a3 35. h7 Kg7 36. f5 b1=Q 37. f6+ Kxg6 38. h8=Q Qe4+ 39. Kg3 Qe5+ 40. Kg2 Qe2+ 41. Kh1 Qf1+ 42. Kh2 Qxf6 43. Qg8+ Qg7 44. Qe6+ Kh7 45. Qf5+ Kh8 46. Kg2 Qe7 47. Qa5 Nd5 48. Kg3 Qc7+ 0-1

[Event "Vienna IM February 2022"]
[Site "Vienna"]
[Date "2022.02.10"]
[Round "6.3"]
[White "Peyrer, Konstantin"]
[Black "Kruckenhauser, Arthur"]
[Result "1-0"]
[ECO "E11"]
[WhiteElo "2301"]
[BlackElo "2278"]
[Annotator "ChessBase"]
[PlyCount "99"]
[EventDate "2022.02.06"]
[EventType "tourn"]
[EventCountry "AUT"]
[SourceTitle "playchess.com"]
[Source "ChessBase"]
[SourceQuality "1"]
[TimeControl "40/5400+30:1800+30"]

1. d4 d5 2. Nf3 e6 3. g3 Nf6 4. Bg2 Be7 5. c4 c6 6. Qc2 O-O 7. O-O b6 8. Bf4 Nh5 9. Bd2 Nf6 10. Ne5 Nfd7 11. Nxd7 Nxd7 12. Nc3 Ba6 13. Qa4 Bxc4 14. b3 Bb5 15. Nxb5 cxb5 16. Qxb5 Ba3 17. Qd3 Qe7 18. e4 Nf6 19. e5 Nd7 20. f4 Rfc8 21. f5 g6 22. fxe6 fxe6 23. Bh6 Rc6 24. Qf3 Qe8 25. Qg4 Bf8 26. Bg5 Rac8 27. Rf2 Bg7 28. Raf1 Nf8 29. h4 Rc2 30. Bh3 Rxf2 31. Rxf2 Rc7 32. Qf4 Rf7 33. Qc1 Rxf2 34. Kxf2 Qf7+ 35. Ke2 Qb7 36. a4 Qa6+ 37. Ke3 Qb7 38. Qc3 Qd7 39. Ke2 Kf7 40. Ke1 Kg8 41. Bc1 Qe7 42. b4 Qf7 43. b5 Kh8 44. Ba3 g5 45. hxg5 Qh5 46. Bxf8 Qxh3 47. Bxg7+ Kxg7 48. Qf3 Kg6 49. Qf6+ Kh5 50. Qh6+ 1-0

[Event "Vienna IM February 2022"]
[Site "Vienna"]
[Date "2022.02.10"]
[Round "7.4"]
[White "Morgunov, Marc"]
[Black "Peyrer, Konstantin"]
[Result "1/2-1/2"]
[ECO "B15"]
[WhiteElo "2377"]
[BlackElo "2301"]
[Annotator "ChessBase"]
[PlyCount "168"]
[EventDate "2022.02.06"]
[EventType "tourn"]
[EventCountry "AUT"]
[SourceTitle "playchess.com"]
[Source "ChessBase"]
[SourceQuality "1"]
[TimeControl "40/5400+30:1800+30"]

1. e4 c6 2. Nc3 d5 3. d4 dxe4 4. Nxe4 Nf6 5. Nxf6+ exf6 6. c3 Bd6 7. Bd3 O-O 8. Qc2 Re8+ 9. Ne2 h5 10. O-O h4 11. h3 Na6 12. Be3 Nc7 13. c4 Ne6 14. Rad1 Bb8 15. Bc1 Kh8 16. d5 Qd6 17. f4 cxd5 18. cxd5 Qxd5 19. Bg6 Qc6 20. Qxc6 bxc6 21. Bxf7 Rf8 22. Bh5 f5 23. Bf3 Ba6 24. Rfe1 Bc7 25. Bxc6 Rad8 26. Nc3 Nxf4 27. Rxd8 Rxd8 28. Re7 Bb6+ 29. Kh2 Nd3 30. Bg5 Rd6 31. Bd7 g6 32. Bxh4 Bd4 33. Be6 Be5+ 34. Kh1 Nc5 35. Bf7 Bxc3 36. bxc3 Ne4 37. Re6 Rxe6 38. Bxe6 Kg7 39. Be7 Nxc3 40. Bc5 Kf6 41. Bb3 Ke5 42. Bxa7 Ne2 43. h4 Kf4 44. Bf2 Kg4 45. Bf7 Bb7 46. Bc4 Nc3 47. a3 f4 48. Be1 Na4 49. Kg1 Nc5 50. Bf2 Ne4 51. Be2+ Kf5 52. a4 g5 53. h5 g4 54. h6 Kg6 55. Bxg4 Kxh6 56. a5 Ba6 57. Bh4 Kg6 58. Bd8 Kh6 59. Bf3 Nc5 60. Kh2 Kg6 61. Bg4 Nd3 62. Bd7 Ne5 63. Be6 f3 64. gxf3 Nxf3+ 65. Kg3 Ne5 66. Bd5 Nc4 67. Kf4 Nxa5 68. Bxa5 Bd3 69. Bc3 Bc2 70. Bc6 Bb1 71. Be8+ Kh6 72. Bf6 Kh7 73. Kg5 Bc2 74. Be7 Bb1 75. Bf8 Bc2 76. Kf6 Bb1 77. Bg7 Bc2 78. Bh5 Bb1 79. Kf7 Ba2+ 80. Kf8 Bb3 81. Be8 Bc2 82. Bf7 Bb1 83. Bh5 Ba2 84. Be2 Kg6 1/2-1/2

[Event "Vienna IM February 2022"]
[Site "Vienna"]
[Date "2022.02.11"]
[Round "8.4"]
[White "Cu Hor, Winston Darwin"]
[Black "Kruckenhauser, Arthur"]
[Result "1-0"]
[ECO "A14"]
[WhiteElo "2337"]
[BlackElo "2278"]
[Annotator "ChessBase"]
[PlyCount "61"]
[EventDate "2022.02.06"]
[EventType "tourn"]
[EventCountry "AUT"]
[SourceTitle "playchess.com"]
[Source "ChessBase"]
[SourceQuality "1"]
[TimeControl "40/5400+30:1800+30"]

1. Nf3 d5 2. c4 e6 3. b3 Nf6 4. g3 Be7 5. Bg2 O-O 6. O-O dxc4 7. bxc4 c5 8. Nc3 Nc6 9. d3 a6 10. Rb1 Rb8 11. Bf4 Bd6 12. Qc1 Qc7 13. Bg5 Nd7 14. Ne4 b5 15. cxb5 axb5 16. Be3 Ne7 17. d4 cxd4 18. Nxd6 Qxd6 19. Bxd4 e5 20. Bc3 f6 21. Rd1 Qe6 22. Bb4 Re8 23. Qa3 Nb6 24. Bxe7 Rxe7 25. Rxb5 Rd7 26. Rbb1 Ra8 27. Qc5 Na4 28. Qc2 e4 29. Nd4 Qe5 30. Bxe4 Rc7 31. Qb3+ 1-0